 Dungeon Crawl Stone Soup version 0.22-a0-570-g58866f5 (webtiles) character file.

147 iamserjio the Covered (level 5, -4/33 HPs)
             Began as a Gargoyle Fighter on June 30, 2018.
             Killed by divine providence
             ... invoked by an orc priest
              (15 damage)
             ... on level 4 of the Dungeon.
             The game lasted 00:03:31 (577 turns).

iamserjio the Covered (Gargoyle Fighter)             Turns: 577, Time: 00:03:32

Health: -4/33      AC: 15    Str: 19    XL:     5   Next: 29%
Magic:  5/5        EV:  3    Int: 14    God:
Gold:   34         SH:  9    Dex: 10    Spells: 4/4 levels left

rFire    . . .     SeeInvis .   a - +0 war axe
rCold    . . .     Gourm    .   c - +0 shield
rNeg     + . .     Faith    .   i - +0 plate armour
rPois    ∞         Spirit   .   (no helmet)
rElec    +         Reflect  .   (no cloak)
rCorr    .         Harm     .   (no gloves)
MR       .....                  (no boots)
Stlth    ..........             (no amulet)
HPRegen  0.11/turn              (no ring)
MPRegen  0.09/turn              (no ring)

@: brilliant
A: negative energy resistance 1, electricity resistance, unbreathing,
petrification resistance, rot immunity, AC +4
a: no special abilities


You were on level 4 of the Dungeon.
You were not hungry.

You visited 1 branch of the dungeon, and saw 4 of its levels.

You collected 34 gold pieces.

Inventory:

Hand Weapons
 a - a +0 war axe (weapon)
 e - a cursed -3 mace
Armour
 b - a +0 scale mail
 c - a +0 shield (worn)
 i - a +0 plate armour (worn)
Wands
 d - a wand of paralysis (10)
Comestibles
 f - 2 rations


   Skills:
 + Level 4.0 Fighting
 * Level 3.3 Axes
 + Level 4.1 Armour
 + Level 4.1 Shields


You had 4 spell levels left.
You didn't know any spells.
Your spell library was empty.

Dungeon Overview and Level Annotations

Branches:
Dungeon (4/15)
 Temple: D:4-7

Altars:
Wu Jian


Innate Abilities, Weirdness & Mutations

You are resistant to torment.
Your stone body is resilient. (AC +4)
You are immune to poison.
You resist negative energy. (rN+)
You are resistant to electric shocks. (rElec)
You can survive without breathing.
You are immune to petrification.
You are immune to rotting.


Message History

Your plate armour prevents you from hitting the orc priest.
You miss something. You hit the orc but do no damage.
The orc hits you but does no damage. Something hits you but does no damage.
The orc hits you but does no damage.
The orc priest hits you but does no damage.
You hear some strange, mumbled words.
A puff of flame appears from out of thin air!
The puff of flame hits you!
The orc priest hits you but does no damage.
The orc priest begins to cast a cantrip, but forgets the words!
You block the orc's attack.
You slash the orc priest!
The orc priest is severely wounded.
Your shield and plate armour prevent you from hitting something.
You hit the orc priest. You closely miss the orc.
The orc priest hits you but does no damage.
You block something's attack. The orc hits you but does no damage.
The orc priest mumbles some strange prayers to Beogh against you.
Beogh smites you!
You die...

.. #.##.# #..## #.#
#.########.##.# #..######.#####
.oo..........# #).........<..#
###.####.#.#..####.........###.#
#...o.##.........#.......#### #
..a...)#.#.#................#
.......#...#.............##.#
..._...o...#####{###...####.##.##
.......#.#....oo@.##...# #)##...
.......#.#######oo###.## #)#####
#.....##.# #..###.# #.#####
###.####.#######......# #).....
.........ao.....###### #######
..........######## ###########


You could see 3 orc priests and an orc.

Vanquished Creatures
  A hound (D:4)
  Ijyb (D:3)
  A worker ant (D:4)
  3 adders
  3 gnolls (D:4)
  An orc (D:3)
  A bat (D:2)
  4 hobgoblins
  3 kobolds
  A rat (D:1)
19 creatures vanquished.

Notes
Turn   | Place    | Note
-------+----------+-------------------------------------------
     0 | D:1      | iamserjio the Gargoyle Fighter began the quest for the Orb.
     0 | D:1      | Reached XP level 1. HP: 14/14 MP: 1/1
   226 | D:2      | Reached XP level 2. HP: 18/19 MP: 2/2
   274 | D:3      | Reached XP level 3. HP: 13/23 MP: 3/3
   290 | D:3      | Noticed Ijyb
   296 | D:3      | Killed Ijyb
   392 | D:4      | Reached XP level 4. HP: 24/29 MP: 4/4
   529 | D:4      | Found an ornate altar of the Wu Jian Council.
   555 | D:4      | Reached XP level 5. HP: 13/33 MP: 5/5
   577 | D:4      | Killed from afar by an orc priest

Vault maps used:
D:1:      erik_arrival_triangle_small, minivault_4
D:3:      nicolae_ru_path_of_blood, uniq_terence, uniq_ijyb
D:4:      old_standard_altar, enter_ossuary_1

Skill      XL: |  1  2  3  4  5 |
---------------+----------------+-----
Axes           | 2 3 |  3.3
Armour         | 4 |  4.1
Shields        | 4 |  4.1
Fighting       | 4 |  4.0

Action                   |  1- 3 |  4- 6 || total
-------------------------+-------+-------++-------
Melee: War axe           |    76 |    32 ||   108
  Use: Potion            |     1 |     1 ||     2
       Scroll            |       |     3 ||     3
Armor: Scale mail        |    51 |       ||    51
       Plate armour      |     7 |    55 ||    62
Dodge: Dodged            |    28 |     7 ||    35
Block: Shield            |    38 |    24 ||    62

Table legend:
 A = Spawn XP
 B = Non-spawn XP
 C = Spawn XP percentage of total XP
 D = Spawn monster count
 E = Non-spawn monster count
 F = Spawn count percentage of total count
 G = Total turns spent on level
                    A         B        C        D         E        F      G
               +---------+---------+-------+---------+---------+-------+---------
         Total |       0 |     211 |   0.0 |       0 |      19 |   0.0 |   577
               +---------+---------+-------+---------+---------+-------+---------
           D:1 |       0 |       5 |   0.0 |       0 |       3 |   0.0 |   172
           D:2 |       0 |      17 |   0.0 |       0 |       3 |   0.0 |    90
           D:3 |       0 |      58 |   0.0 |       0 |       7 |   0.0 |    76
           D:4 |       0 |     131 |   0.0 |       0 |       6 |   0.0 |   239
               +---------+---------+-------+---------+---------+-------+---------
